 Dungeon Crawl Stone Soup version 0.19.1-1-g22dce08 (webtiles) character file.

2765 Gargoyl the Covered (level 9, -1/74 HPs)
             Began as a Ghoul Abyssal Knight on Jan 12, 2017.
             Was an Elder of Lugonu.
             Killed by divine providence
             ... invoked by an orc priest
              (14 damage)
             ... on level 7 of the Dungeon.
             The game lasted 00:21:50 (6834 turns).

Gargoyl the Covered (Ghoul Abyssal Knight)          Turns: 6834, Time: 00:21:50

Health: -1/74      AC: 19    Str: 17    XL:     9   Next: 69%
Magic:  12/12      EV:  8    Int:  7    God:    Lugonu [****..]
Gold:   227        SH:  0    Dex: 10    Spells: 0 memorised, 8 levels left

rFire  + . .     SeeInvis .     A - +1 war axe
rCold  + . .     Gourm    .     z - +0 plate armour {rPois}
rNeg   + + +     Faith    .     (no shield)
rPois  ∞         Spirit   .     u - +0 helmet
rElec  .         Reflect  .     j - +0 cloak
rCorr  .         Harm     .     K - +0 pair of gloves
MR     .....                    e - +1 pair of boots
Stlth  ..........               n - amulet of regeneration
                                h - +2 ring of evasion
                                d - ring of protection from fire

@: about to teleport, rotting
A: rotting body, claws 1, carnivore 3, cold resistance 1, negative energy
resistance 3, slow regeneration 1, torment resistance, unbreathing
a: Depart the Abyss, Bend Space, Banish, Corrupt, Renounce Religion


You were on level 7 of the Dungeon.
You worshipped Lugonu.
Lugonu was greatly pleased with you.
You were not hungry.

You visited 1 branch of the dungeon, and saw 7 of its levels.
You visited the Abyss 1 time.
You also visited: Sewer.

You collected 277 gold pieces.
You spent 50 gold pieces at shops.

Inventory:

Hand Weapons
 a - a +2 hand axe
 l - a +0 trident
 A - a +1 war axe (weapon)
Missiles
 I - 4 poisoned javelins (quivered)
Armour
 e - a +1 pair of boots (worn)
 j - a +0 cloak (worn)
 u - a +0 helmet (worn)
 z - a +0 plate armour of poison resistance (worn)
 K - a +0 pair of gloves (worn)
Jewellery
 d - a ring of protection from fire (left hand)
 f - the amulet of the Four Winds {rN+ MR+++ Clar}
   (You found it on level 5 of the Dungeon)

   [amulet of nothing]

   It protects you from negative energy.
   It affects your resistance to hostile enchantments.
   It protects you against confusion.
 h - a +2 ring of evasion (right hand)
 n - an amulet of regeneration (around neck)
Wands
 c - a wand of disintegration (24/24)
 s - a wand of confusion (37/48)
 C - a wand of polymorph (5/24)
 E - a wand of slowing (17/48)
 H - a wand of confusion (37/48)
Scrolls
 g - a scroll of fear
 o - 6 scrolls of remove curse
 r - 3 scrolls of teleportation
 v - 2 scrolls of identify
 y - 2 scrolls of magic mapping
Potions
 b - a potion of resistance
 i - a potion of lignification
 k - a potion of curing
 m - 2 potions of brilliance
 p - a potion of might {unknown}
 q - 5 potions of flight
 x - a potion of cure mutation
 D - a potion of agility {unknown}
 F - a potion of invisibility {unknown}
 G - a potion of degeneration {unknown}
Comestibles
 t - 2 slices of pizza
 w - 2 meat rations
 B - a beef jerky


   Skills:
 + Level 5.6 Fighting
 + Level 7.0 Axes
 + Level 0.1 Throwing
 * Level 7.3 Armour
 + Level 2.0 Dodging
 * Level 6.2 Invocations


You had 8 spell levels left.
You didn't know any spells.

Dungeon Overview and Level Annotations

Branches:
Dungeon (7/15)             Temple (0/1) D:4

Altars:
Dithmenos
Gozag
Qazlal
Trog
Uskayaw
Xom
Zin
The Shining One

Shops:
D:4 !   D:5 *

Annotations:
D:7 McKennaii's ghost, novice HEAE


Innate Abilities, Weirdness & Mutations

Your body is rotting away.
You thrive on raw meat.
You are immune to poison.
You have sharp fingernails.
You are carnivorous and can eat meat at any time.
Your flesh is cold resistant. (rC+)
You are immune to negative energy. (rN+++)
You regenerate slowly when monsters are visible.
You are immune to unholy pain and torment.
You can survive without breathing.


Message History

The orc priest looks satisfied for a moment.
The wyvern zombie barely misses you.
You slash the wyvern zombie!
You destroy the wyvern zombie!
Lugonu accepts your kill.
The orc throws a tomahawk.
The tomahawk closely misses you.
McKennaii's ghost gestures at you while chanting.
The bolt of lightning misses the orc.
The bolt of lightning hits you!
Your plate armour prevents you from hitting the orc.
The orc barely misses you.
McKennaii's ghost gestures at you while chanting.
The bolt of lightning hits the orc.
The orc dies!
The bolt of lightning hits you!
* * * LOW HITPOINT WARNING * * *
As you read the scroll of teleportation, it crumbles to dust.
You feel strangely unstable.
The crimson imp blinks!
The orc priest calls down the wrath of Beogh upon you.
Beogh smites you!
You die... ... .oZ..' ....
Z.Z. .....
Z.o

..... #'# #
#..####.####...
#..............
#..o...........
#.######oo.........
#.5...@§Wo.....####
##########...###
#...# #####


You could see 2 orc priests, McKennaii's ghost, a crimson imp and an orc.

Vanquished Creatures
  Grinder (D:3)
  A hungry ghost (D:7)
  A water moccasin (D:7)
  A black bear (D:7)
  2 sky beasts
  2 ogres
  2 centaurs
  2 bullfrogs (D:7)
  2 wyvern zombies (D:7)
  A scorpion (D:4)
  A water moccasin skeleton (D:6)
  2 killer bees (D:5)
  2 crimson imps
  A bullfrog zombie (D:5)
  A quasit (D:7)
  2 hounds
  5 orc wizards
  An orc priest (D:5)
  A bullfrog skeleton (D:4)
  A centaur skeleton (D:4)
  2 jellies
  Terence (D:5)
  3 iguanas
  7 worker ants
  A siren (Sewer)
  A merfolk avatar (Sewer)
  A worker ant zombie (D:5)
  Robin (D:3)
  4 gnolls
  A howler monkey skeleton (D:4)
  13 adders
  3 river rats
  2 oozes
  An adder zombie (D:6)
  3 worms
  5 dart slugs
  6 leopard geckos
  10 orcs
  3 ball pythons (Sewer)
  7 giant cockroaches
  10 goblins
  12 hobgoblins
  9 jackals
  12 kobolds
  5 quokkas
  5 bats
  10 frilled lizards
  A goblin skeleton (D:7)
  A leopard gecko skeleton (D:7)
  A quokka skeleton (D:4)
  30 rats
203 creatures vanquished.

Vanquished Creatures (others)
  A phantom (D:5)
  3 killer bees
  3 orcs (D:7)
7 creatures vanquished.

Grand Total: 210 creatures vanquished

Notes
Turn   | Place    | Note
-------+----------+-------------------------------------------
     0 | Abyss:1  | Gargoyl the Ghoul Abyssal Knight began the quest for the Orb.
     0 | Abyss:1  | Reached XP level 1. HP: 19/19 MP: 1/1
    18 | Abyss:1  | Noticed a small abomination
    29 | D:1      | Escaped the Abyss
    78 | D:1      | Reached XP level 2. HP: 5/26 MP: 2/2
   487 | D:1      | Reached * piety under Lugonu
   829 | D:1      | Reached XP level 3. HP: 33/33 MP: 3/3
  1313 | D:2      | Reached XP level 4. HP: 40/40 MP: 4/4
  2103 | D:3      | Found a bloodstained altar of Trog.
  2158 | D:3      | Reached skill level 1 in Dodging
  2169 | D:3      | Reached XP level 5. HP: 33/46 MP: 6/6
  2248 | D:3      | Found a hide-covered altar of Uskayaw.
  2248 | D:3      | Found a shadowy altar of Dithmenos.
  2258 | D:3      | Noticed Grinder
  2289 | D:3      | Killed Grinder
  2289 | D:3      | Reached XP level 6. HP: 33/52 MP: 7/7
  2315 | D:3      | Reached ** piety under Lugonu
  2390 | D:3      | Found an opulent altar of Gozag.
  2468 | D:3      | Noticed Robin
  2487 | D:3      | Killed Robin
  2600 | D:3      | Found a stormy altar of Qazlal.
  2815 | D:4      | Found a shimmering altar of Xom.
  2884 | D:4      | Reached XP level 7. HP: 46/60 MP: 8/8
  3193 | D:4      | Found a staircase to the Ecumenical Temple.
  3208 | D:4      | Found a glowing drain.
  3238 | Sewer    | Entered a sewer
  3245 | Sewer    | Reached *** piety under Lugonu
  3890 | D:4      | Found Fontyuh's Distillery.
  3893 | D:4      | Bought a potion of heal wounds for 50 gold pieces
  3946 | D:4      | Reached skill level 5 in Axes
  4234 | D:5      | Entered Level 5 of the Dungeon
  4515 | D:5      | Reached XP level 8. HP: 62/67 MP: 8/10
  4551 | D:5      | Noticed Terence
  4565 | D:5      | Killed Terence
  4635 | D:5      | Reached skill level 5 in Armour
  4637 | D:5      | Reached skill level 5 in Fighting
  4787 | D:5      | Reached **** piety under Lugonu
  4871 | D:5      | Reached skill level 5 in Invocations
  4968 | D:5      | Found Neilo's Assorted Antiques.
  5443 | D:5      | Found a glowing silver altar of Zin.
  5631 | D:6      | Reached XP level 9. HP: 70/74 MP: 12/12
  6705 | D:7      | Found a glowing golden altar of the Shining One.
  6785 | D:7      | Noticed McKennaii's ghost (novice HEAE)
  6834 | D:7      | Killed from afar by an orc priest

Skill      XL: |  1  2  3  4  5  6  7  8  9 |
---------------+----------------------------+-----
Armour         | 2 3 4 5 7 |  7.3
Axes           | 2 3 4 5 6 7 |  7.0
Dodging        | 1 2 |  2.0
Invocations    | 3 4 5 6 |  6.2
Fighting       | 4 5 |  5.6
Throwing       | |  0.1

Action                   |  1- 3 |  4- 6 |  7- 9 || total
-------------------------+-------+-------+-------++-------
Melee: Hand axe          |   112 |   260 |   171 ||   543
       War axe           |       |       |   496 ||   496
Throw: Tomahawk          |       |       |     2 ||     2
       Javelin           |       |       |     4 ||     4
Invok: Depart the Abyss  |     1 |       |       ||     1
       Banish            |       |       |     4 ||     4
Evoke: Wand              |       |       |     3 ||     3
  Use: Scroll            |     1 |    10 |     9 ||    20
       Potion            |       |       |     1 ||     1
  Eat: Chunk             |    13 |    22 |    60 ||    95
       Meat ration       |       |     1 |     1 ||     2
Armor: Chain mail        |    53 |   215 |   116 ||   384
       Leather armour    |     7 |       |       ||     7
       Plate armour      |       |       |   561 ||   561
Dodge: Dodged            |    38 |   142 |   342 ||   522
